AoeStats
← MyGO.Soyo

Arena

509121661Analyzed
4v4 RM · 6d ago on Sep 25, 2026· 42m 58s· 8 players
Game mode
Random Map
Map size
Large (8 player)
Population
200
Speed
Normal
Resources
Standard
Victory
Conquest
Starting age
Dark Age
Ending age
Imperial Age
RankedLock teamsTeams togetherTeam positionsShared explorationLock speedFull tech treeHidden civsTurbo modeCheats
Victory
Defeat
🇮🇳 Teutons · India
1179
+16
🇨🇳 Saxons · China
1175
+16
🇨🇳 Vietnamese · China
1132
+18
🇦🇷 Malay · Argentina
1127
+17
🇺🇸 Goths · United States
1212
-19
🇹🇷 Khmer · Türkiye
1197
-18
🇬🇧 Sicilians · United Kingdom
1156
-16
🇸🇪 Saracens · Sweden
1110
-14
Searching for food
10:05 Feudal Age
11:58 Loom
15:46 Fletching
21:11 Castle Age
bulger97
11:25 Feudal Age
14:40 Castle Age
12:29 Double-Bit Axe
12:26 Horse Collar
13:59 Stone Mining
14:29 Gold Mining
17:22 Bow Saw
22:11 Wheelbarrow
21:38 Heavy Plow
26:59 Imperial Age
25:47 Stone Shaft Mining
26:37 Fortified Wall
27:47 Ballistics
28:04 Conscription
28:16 Hand Cart
27:49 Town Watch
27:49 Loom
28:46 Double Crossbow
30:07 Chemistry
29:47 Elite Ballista Elephant
31:12 Gold Shaft Mining
34:09 Crop Rotation
42:33 Husbandry
42:43 Bloodlines
Hans Solo
10:24 Feudal Age
15:21 Castle Age
13:41 Double-Bit Axe
16:56 Bow Saw
19:20 Gold Mining
H3adak3
11:55 Feudal Age
13:16 Double-Bit Axe
15:57 Castle Age
13:42 Horse Collar
17:59 Bow Saw
20:07 Stone Mining
condandonglao
9:44 Feudal Age
15:14 Castle Age
32:37 Horse Collar
33:02 Double-Bit Axe
36:48 Wheelbarrow
36:26 Forging
38:03 Hand Cart
42:26 Fletching
xygogo
11:08 Feudal Age
11:53 Double-Bit Axe
15:17 Castle Age
13:09 Horse Collar
17:22 Loom
20:43 Bow Saw
27:41 Chatras
28:37 Gold Mining
28:38 Stone Mining
29:47 Wheelbarrow
29:58 Heavy Plow
29:47 Town Watch
32:20 Crossbowman
33:07 Thumb Ring
36:56 Imperial Age
35:23 Hand Cart
37:09 Stone Shaft Mining
38:03 Paper Money
39:31 Two-Man Saw
38:19 Onager
40:01 Siege Engineers
41:24 Chemistry
40:12 Capped Ram
MyGO.Soyo
12:27 Feudal Age
14:07 Wheelbarrow
14:02 Double-Bit Axe
16:54 Castle Age
14:55 Horse Collar
16:12 Scale Mail Armor
16:23 Forging
17:55 Bow Saw
17:48 Heavy Plow
20:19 Loom
25:54 Squires
29:58 Hand Cart
31:26 Gold Mining
31:26 Stone Mining
35:07 Imperial Age
33:55 Chain Mail Armor
34:16 Iron Casting
33:46 Gambesons
33:46 Arson
34:13 Treadmill Crane
34:54 Ballistics
35:12 Elite Varangian Guard
36:15 Conscription
36:01 Shield Wall
36:10 Elite Hearth Troop
37:58 Plate Mail Armor
38:38 Chemistry
39:31 Gold Shaft Mining
Null Pointer
11:24 Feudal Age
12:02 Horse Collar
12:18 Double-Bit Axe
16:11 Castle Age
14:58 Scale Mail Armor
15:37 Stone Mining
17:53 Chain Mail Armor
25:16 Loom
26:14 Wheelbarrow
25:24 Town Watch
26:02 Forging
27:51 Iron Casting
28:45 Heavy Plow
28:57 Bow Saw
32:50 Imperial Age
30:36 Squires
30:22 Arson
30:59 Gold Mining
34:08 Block Printing
33:51 Onager
34:11 Pikeman
36:50 Conscription
42:06 Blast Furnace
40:57 Fletching
41:07 Padded Archer Armor
41:38 Plate Mail Armor
41:13 Scale Barding Armor
43:04 Chemistry
42:24 Ballistics
Connection lost

Rejoining the realm…

Still unreachable

The connection could not be restored.

Session expired

The server has moved on; the page needs a fresh start.